[Event "Titled Tuesday Blitz December 20 Late 2022"]
[White "Ferreira, Vitor Hugo Vieira"]
[Black "Hernandez Jimenez, Alexander Andres"]
[WhiteFideId "2119765"]
[BlackFideId "3900452"]
[WhiteElo "2146"]
[BlackElo "2098"]
[Result "1-0"]
[Round "02"]
[TimeControl "180+1"]
[Date "2022.12.21"]
[WhiteClock "0:00:40"]
[BlackClock "0:00:03"]

1. e4 c5 2. Nf3 d6 3. d4 cxd4 4. Nxd4 Nf6 5. Nc3 a6 6. h3 e5 7. Nb3 Be6 8. Be3 Nbd7 9. Qf3 Be7 10. O-O-O Rc8 11. Kb1 Qc7 12. Bd3 b5 13. g4 Nb6 14. g5 Nfd7 15. h4 Nc4 16. Nd5 Bxd5 17. exd5 a5 18. h5 a4 19. g6 f6 20. h6 axb3 21. cxb3 gxh6 22. g7 Rg8 23. Qh5+ Kd8 24. Qf7 Re8 25. Qxe8+ Kxe8 26. g8=Q+ Nf8 27. bxc4 bxc4 28. Bf5 c3 29. Rc1 Rb8 30. b3 Qa5 31. Bxh6 Ra8 32. Rc2 Qb4 33. Bxf8 Bxf8 34. Qe6+ Be7 35. Rxh7 1-0


[Site "https://www.chess.com"]

[Event "Titled Tuesday Blitz December 20 Late 2022"]
[White "Fieberg, Samuel"]
[Black "Tristan, Leonardo"]
[WhiteFideId "12901717"]
[BlackFideId "113816"]
[WhiteElo "2398"]
[BlackElo "2461"]
[Result "1-0"]
[Round "02"]
[TimeControl "180+1"]
[Date "2022.12.21"]
[WhiteClock "0:00:33"]
[BlackClock "0:00:17"]

1. d4 d5 2. Bg5 f6 3. Bd2 c5 4. e3 Nc6 5. Nf3 e6 6. c4 cxd4 7. exd4 Nge7 8. Nc3 a6 9. cxd5 Nxd5 10. Nxd5 Qxd5 11. Rc1 Bd6 12. Bc4 Qe4+ 13. Be3 Bb4+ 14. Kf1 O-O 15. a3 Be7 16. d5 Rd8 17. Nd2 Qe5 18. dxc6 Qxb2 19. cxb7 Qxb7 20. Qb3 Qxb3 21. Nxb3 Bxa3 22. Ra1 Bb4 23. Ke2 a5 24. Bb6 Rd6 25. Bxa5 Bxa5 26. Rxa5 Rb8 27. Rha1 Rb4 28. R1a4 Rxa4 29. Rxa4 Bb7 30. Nc5 Bxg2 31. Nxe6 Bd5 32. Bxd5 Rxd5 33. Nf4 Re5+ 34. Kf3 Rf5 35. Ke4 Re5+ 36. Kd4 Rf5 37. Ke3 Re5+ 38. Re4 Ra5 39. Nd3 Rh5 40. h4 Kf7 41. Kf3 Rf5+ 42. Kg3 Rd5 43. Re3 h5 44. Nf4 Rf5 45. Rd3 Re5 46. Rd5 Rxd5 47. Nxd5 g5 48. Ne3 Ke6 49. Nc2 Ke5 50. Ne1 Ke4 51. Ng2 Kd3 52. f4 g4 53. f5 Ke4 54. Nf4 Kxf5 55. Nxh5 Kg6 56. Nf4+ Kf5 57. Ng2 Kg6 58. Kxg4 f5+ 59. Kf4 Kf6 60. Ne3 Kg6 61. Nxf5 Kh5 62. Kg3 Kg6 63. Kg4 Kf6 64. h5 Kf7 65. Kg5 Kg8 66. Kg6 Kh8 67. Ne3 Kg8 68. Ng4 Kh8 69. Ne5 Kg8 70. Nf7 Kf8 71. h6 Kg8 72. h7+ Kf8 73. h8=Q+ Ke7 74. Qe5+ Kf8 75. Qd6+ Ke8 76. Qd8# 1-0


[Site "https://www.chess.com"]

[Event "Titled Tuesday Blitz December 20 Late 2022"]
[White "Fiorito, Francisco"]
[Black "Floresvillar Gonzalez, Luis Migu"]
[WhiteFideId "180165"]
[BlackFideId "5100542"]
[WhiteElo "2348"]
[BlackElo "2040"]
[Result "1-0"]
[Round "02"]
[TimeControl "180+1"]
[Date "2022.12.21"]
[WhiteClock "0:00:15"]
[BlackClock "0:00:27"]

1. Nf3 d5 2. g3 c6 3. Bg2 Bg4 4. O-O Nd7 5. d4 Bxf3 6. Bxf3 f5 7. c4 e6 8. Nc3 Ngf6 9. Qb3 Qb6 10. Bf4 Be7 11. Rfd1 O-O 12. Bg2 Ne4 13. Nxe4 fxe4 14. Bh3 Kf7 15. cxd5 Qxb3 16. Bxe6+ Kg6 17. axb3 Nf6 18. dxc6 bxc6 19. Ra6 c5 20. d5 Rfd8 21. d6 Bf8 22. g4 h6 23. h4 Kh7 24. g5 hxg5 25. hxg5 Nd7 26. Kg2 g6 27. Rda1 Nb6 28. Rxa7+ Rxa7 29. Rxa7+ Bg7 30. Be5 Nd7 31. Bxg7 Kxg7 32. Rxd7+ Rxd7 33. Bxd7 Kf7 34. Bc8 Ke8 35. Kg3 Kd8 36. d7 e3 37. fxe3 1-0


[Site "https://www.chess.com"]

[Event "Titled Tuesday Blitz December 20 Late 2022"]
[White "Flynn, Jacob"]
[Black "White, John S."]
[WhiteFideId "2509393"]
[BlackFideId "2502348"]
[WhiteElo "2053"]
[BlackElo "1969"]
[Result "1-0"]
[Round "02"]
[TimeControl "180+1"]
[Date "2022.12.21"]
[WhiteClock "0:00:44"]
[BlackClock "0:00:30"]

1. e4 c5 2. Nf3 e6 3. d4 cxd4 4. Nxd4 Nc6 5. Nc3 d6 6. Be3 Nf6 7. f3 Be7 8. Qd2 a6 9. O-O-O Nxd4 10. Bxd4 b5 11. g4 Bb7 12. h4 b4 13. Ne2 O-O 14. h5 Qa5 15. Kb1 d5 16. h6 g6 17. Qf4 Nd7 18. Ng3 dxe4 19. Nxe4 Bxe4 20. fxe4 e5 21. Qf2 exd4 22. Qxd4 Ne5 23. Bc4 Rfd8 24. Bd5 Bf6 25. g5 Bh8 26. Rhf1 Rac8 27. Qf2 Qc5 28. Bxf7+ Kf8 29. Rxd8+ Rxd8 30. Qxc5+ 1-0


[Site "https://www.chess.com"]

[Event "Titled Tuesday Blitz December 20 Late 2022"]
[White "Gasparyan, David"]
[Black "Holt, Conrad"]
[WhiteFideId "13311980"]
[BlackFideId "2034387"]
[WhiteElo "2457"]
[BlackElo "2592"]
[Result "0-1"]
[Round "02"]
[TimeControl "180+1"]
[Date "2022.12.21"]
[WhiteClock "0:00:09"]
[BlackClock "0:00:19"]

1. e4 e6 2. d4 d5 3. Nd2 c5 4. exd5 Qxd5 5. Bb5+ Nc6 6. Bxc6+ bxc6 7. Ndf3 Ba6 8. Be3 O-O-O 9. Ne2 cxd4 10. Qxd4 Qb5 11. c4 Qa5+ 12. Bd2 Rxd4 13. Bxa5 Rxc4 14. Nd2 Bb4 15. Bxb4 Rxb4 16. b3 Nf6 17. a3 Rg4 18. g3 Rd8 19. h3 Rg5 20. Nf3 Rgd5 21. Nf4 Rc5 22. Rd1 e5 23. Rxd8+ Kxd8 24. Ne2 Rc2 25. Nd2 Ne4 26. Nc4 Bxc4 27. bxc4 Kc7 28. f3 Rxe2+ 29. Kd1 Nf2+ 30. Kxe2 Nxh1 31. g4 f5 32. Kf1 Ng3+ 33. Kg2 f4 34. c5 Kb7 35. Kf2 Ka6 36. Ke1 Kb5 37. Kd2 Kc4 38. h4 Kd4 39. h5 Kc4 40. Kc2 Nf1 41. Kd1 Kd3 42. g5 Nd2 43. Ke1 Nb3 44. a4 a5 45. Kf2 Nd4 46. Kg2 Ke2 47. Kh3 Kf2 48. Kh4 Kg2 49. Kg4 g6 50. h6 Kf2 51. Kh3 Kxf3 52. Kh4 Nf5+ 53. Kh3 e4 54. Kh2 e3 55. Kh1 e2 56. Kh2 e1=Q 57. Kh3 Qh1# 0-1


[Site "https://www.chess.com"]

[Event "Titled Tuesday Blitz December 20 Late 2022"]
[White "Gerbelli Neto, Eduardo"]
[Black "Olsen, Filip Boe"]
[WhiteFideId "2103281"]
[BlackFideId "1440640"]
[WhiteElo "2178"]
[BlackElo "2333"]
[Result "0-1"]
[Round "02"]
[TimeControl "180+1"]
[Date "2022.12.21"]
[WhiteClock "0:00:05"]
[BlackClock "0:01:04"]

1. e4 c5 2. Nc3 d6 3. f4 g6 4. Nf3 Bg7 5. Bb5+ Bd7 6. Bc4 Nc6 7. O-O Nf6 8. e5 Nh5 9. exd6 e6 10. d3 O-O 11. Be3 b6 12. Qd2 Na5 13. Ne5 Nb7 14. Ne4 Be8 15. d7 Bxd7 16. Nxd7 Qxd7 17. c3 Nd6 18. Nxd6 Qxd6 19. g3 Rad8 20. Rad1 Nf6 21. d4 cxd4 22. Bxd4 Ne4 23. Qg2 Qc6 24. Bxg7 Kxg7 25. Bd3 Qc5+ 26. Kh1 Nf6 27. h3 Qd5 28. Qxd5 Rxd5 29. Bc4 Rxd1 30. Rxd1 Rc8 31. Bb3 Kf8 32. Kg2 Ke7 33. Kf3 Nd7 34. Bc2 h5 35. g4 hxg4+ 36. hxg4 Rh8 37. Rd2 Rh3+ 38. Kg2 Rh4 39. Kg3 Rh1 40. Kg2 Ra1 41. a3 Nc5 42. f5 gxf5 43. gxf5 e5 44. Re2 Kf6 45. Kf2 Ra2 46. Bb1 Ra1 47. Bc2 Rc1 48. b4 Nb7 49. c4 Nd6 50. c5 bxc5 51. bxc5 Nxf5 52. Bxf5 Kxf5 53. Rb2 Rxc5 54. Rb7 Rc2+ 55. Ke3 Rc3+ 56. Kd2 Rxa3 57. Rxf7+ Ke4 58. Rh7 Ra2+ 59. Kc3 a5 60. Kb3 Ra1 61. Kb2 Rd1 62. Ra7 Rd5 63. Kc3 Ke3 64. Rh7 e4 65. Kc4 Rd8 66. Rh3+ Kf2 67. Rh2+ Kf3 68. Rh3+ Kg2 69. Re3 Re8 70. Kd4 a4 71. Re2+ Kf3 72. Ra2 e3 73. Rxa4 e2 74. Ra1 e1=Q 0-1


[Site "https://www.chess.com"]

[Event "Titled Tuesday Blitz December 20 Late 2022"]
[White "Gilmanov, Mansur"]
[Black "Haszon, David"]
[WhiteFideId "4166868"]
[BlackFideId "733610"]
[WhiteElo "2377"]
[BlackElo "2210"]
[Result "1-0"]
[Round "02"]
[TimeControl "180+1"]
[Date "2022.12.21"]
[WhiteClock "0:03:01"]
[BlackClock "0:02:58"]

1. d4 Nf6 2. Bg5 e6 3. e3 Be7 4. Bd3 d5 5. Nd2 h6 6. Bxf6 Bxf6 7. f4 c5 8. c3 b6 9. Ngf3 Ba6 10. Bxa6 Nxa6 11. Qa4+ 1-0


[Site "https://www.chess.com"]

[Event "Titled Tuesday Blitz December 20 Late 2022"]
[White "Gomes, Luiz Alexandre de Souza"]
[Black "Musovic, Armin"]
[WhiteFideId "2102790"]
[BlackFideId "939935"]
[WhiteElo "2384"]
[BlackElo "2288"]
[Result "0-1"]
[Round "02"]
[TimeControl "180+1"]
[Date "2022.12.21"]
[WhiteClock "0:00:15"]
[BlackClock "0:00:18"]

1. e4 c6 2. d4 d5 3. Nc3 dxe4 4. Nxe4 Nf6 5. Nxf6+ exf6 6. c3 Bd6 7. Bd3 O-O 8. Qc2 Re8+ 9. Ne2 Kh8 10. Bd2 Nd7 11. O-O-O Nf8 12. Rde1 Qc7 13. h4 Be6 14. Kb1 c5 15. h5 h6 16. dxc5 Bxc5 17. Nd4 Bd5 18. f3 Qb6 19. Nb3 Bf2 20. Rxe8 Rxe8 21. Rd1 a6 22. Bc1 Bg3 23. Bf5 Bc4 24. Nd4 Re5 25. Bd3 Bxd3 26. Qxd3 Rxh5 27. Ne2 Bc7 28. Qc4 Ne6 29. Rd7 Kg8 30. Nd4 Qc5 31. Qd3 Nxd4 32. Rxd4 Rh1 33. Re4 Be5 34. Kc2 Qf2+ 35. Bd2 Qf1 36. Qxf1 Rxf1 37. f4 Bd6 38. g3 Rg1 39. Rd4 Bc5 40. Rd7 Rg2 41. Kd3 Rxg3+ 42. Kc4 Be3 43. Bxe3 Rxe3 44. Rxb7 Re4+ 45. Kb3 Rxf4 46. Ra7 h5 47. Rxa6 h4 48. Ra5 g6 49. Rd5 h3 50. Rd1 h2 51. Rh1 Rh4 52. a4 Kg7 53. a5 Rh8 54. a6 g5 55. a7 g4 56. Rxh2 Ra8 57. Rh4 f5 58. Kc4 Rxa7 59. b4 Kg6 60. b5 Rc7+ 61. Kb4 g3 62. Rh8 f6 63. b6 Rg7 64. c4 g2 65. c5 g1=Q 66. Kb5 Qb1+ 67. Kc6 f4 68. Rd8 Qe4+ 69. Kb5 f3 70. c6 f2 71. c7 f1=Q+ 0-1


[Site "https://www.chess.com"]

[Event "Titled Tuesday Blitz December 20 Late 2022"]
[White "Goncalves, Davi Sulzbacher"]
[Black "Tatarinov, Dmitry"]
[WhiteFideId "2154510"]
[BlackFideId "24160067"]
[WhiteElo "2182"]
[BlackElo "2326"]
[Result "1-0"]
[Round "02"]
[TimeControl "180+1"]
[Date "2022.12.21"]
[WhiteClock "0:00:42"]
[BlackClock "0:00:52"]

1. Nf3 d5 2. d4 c6 3. Bg5 Bf5 4. e3 Qb6 5. Bd3 Bxd3 6. cxd3 Qxb2 7. Nbd2 Qa3 8. Rb1 b6 9. Qc2 f6 10. Bf4 Kd7 11. Rc1 c5 12. dxc5 bxc5 13. d4 c4 14. Nxc4 dxc4 15. Qxc4 Qa5+ 16. Nd2 Na6 17. Qc6+ Kd8 18. Qxa8+ Kd7 19. Qc8# 1-0


[Site "https://www.chess.com"]

[Event "Titled Tuesday Blitz December 20 Late 2022"]
[White "Gorodetzky, David"]
[Black "Cruz Mendez, Jean Marco"]
[WhiteFideId "2813416"]
[BlackFideId "3526402"]
[WhiteElo "2484"]
[BlackElo "2064"]
[Result "0-1"]
[Round "02"]
[TimeControl "180+1"]
[Date "2022.12.21"]
[WhiteClock "0:00:02"]
[BlackClock "0:00:35"]

1. Nf3 Nf6 2. b3 g6 3. Bb2 Bg7 4. g3 O-O 5. Bg2 d6 6. d4 b5 7. a4 b4 8. c4 bxc3 9. Nxc3 Bb7 10. O-O Nbd7 11. Qc2 Rc8 12. Nb5 a6 13. Na7 Ra8 14. Nc6 Qe8 15. Rac1 Nb8 16. Na5 Bd5 17. Nd2 Bxg2 18. Kxg2 Ra7 19. e4 Qd7 20. d5 Rc8 21. Bd4 Ra8 22. Nc6 Nxc6 23. Qxc6 Qxc6 24. Rxc6 Rab8 25. Rfc1 Nxe4 26. Bxg7 Nxd2 27. Bh6 Nxb3 28. Re1 Nd4 29. Rxa6 Nf5 30. Bf4 Kf8 31. g4 Nd4 32. Re4 c5 33. dxc6 Nxc6 34. Bh6+ Ke8 35. Be3 Kd7 36. Rc4 Ne5 37. Ra7+ Ke6 38. Rxc8 Rxc8 39. h3 h5 40. Kg3 hxg4 41. hxg4 Rc4 42. g5 Rc3 43. Kf4 Nc4 44. Ke4 Ra3 45. Kd4 Nxe3 46. fxe3 Kf5 47. a5 Kxg5 48. a6 Kf6 49. Ra8 g5 50. a7 g4 51. Ke4 Ra4+ 52. Kd3 g3 53. Ke2 Ra2+ 54. Kf1 e6 55. Kg1 Ke5 56. Kf1 Ke4 57. Kg1 Kf3 0-1


[Site "https://www.chess.com"]

[Event "Titled Tuesday Blitz December 20 Late 2022"]
[White "Goroshkov, Maksym"]
[Black "Andreikin, Dmitry"]
[WhiteFideId "14142716"]
[BlackFideId "4158814"]
[WhiteElo "2258"]
[BlackElo "2735"]
[Result "0-1"]
[Round "02"]
[TimeControl "180+1"]
[Date "2022.12.20"]
[WhiteClock "0:00:08"]
[BlackClock "0:00:06"]

1. e4 c5 2. c3 d5 3. exd5 Qxd5 4. d4 Nf6 5. Nf3 e6 6. Be2 Be7 7. O-O O-O 8. Bf4 Nc6 9. c4 Qe4 10. Be3 cxd4 11. Nxd4 Nxd4 12. Qxd4 Rd8 13. Qxe4 Nxe4 14. Bf3 Nd6 15. Nd2 Nf5 16. Rad1 Nxe3 17. fxe3 Rb8 18. Nb3 Kf8 19. Nd4 Bf6 20. b4 Bd7 21. Rd2 Ke7 22. Rfd1 Ba4 23. Rc1 g6 24. Bd1 Be8 25. Bb3 b6 26. Rcd1 Rdc8 27. Nf3 Bc3 28. Rd3 Bxb4 29. Ng5 h6 30. Ne4 Bc6 31. Nd6 Rd8 32. Nb5 a6 33. Rxd8 Rxd8 34. Nd4 Bb7 35. Kf2 Bc5 36. Nf3 Rxd1 37. Bxd1 Kd6 38. Ke2 g5 39. h3 f5 40. Bc2 Bc6 41. g4 Bd7 42. Nd4 f4 43. Be4 Ke5 44. Bc6 Bc8 45. Nf3+ Kd6 46. exf4 Kxc6 47. fxg5 hxg5 48. Nxg5 e5 49. Kf3 Be7 50. Nf7 Be6 51. Nxe5+ Kd6 52. Ke4 Bf6 53. Nf3 Bxc4 54. Kf5 Bc3 55. h4 Bxa2 56. h5 Bb1+ 57. Kg5 a5 58. h6 a4 59. Nh4 a3 60. Nf5+ Bxf5 61. gxf5 Ke7 62. Kg6 a2 63. Kh7 a1=Q 64. f6+ Kxf6 65. Kh8 Kf7+ 66. Kh7 Qb1# 0-1


[Site "https://www.chess.com"]

[Event "Titled Tuesday Blitz December 20 Late 2022"]
[White "Goryachkina, Aleksandra"]
[Black "Radovanovic, Dusan"]
[WhiteFideId "4147103"]
[BlackFideId "926868"]
[WhiteElo "2484"]
[BlackElo "2337"]
[Result "1-0"]
[Round "02"]
[TimeControl "180+1"]
[Date "2022.12.21"]
[WhiteClock "0:00:08"]
[BlackClock "0:00:17"]

1. Nf3 Nf6 2. c4 g6 3. g3 Bg7 4. Bg2 O-O 5. d4 d6 6. O-O Nc6 7. Nc3 e5 8. dxe5 dxe5 9. Qxd8 Rxd8 10. Bg5 Be6 11. Nd2 h6 12. Bxf6 Rxd2 13. Bxg7 Kxg7 14. Bxc6 bxc6 15. b3 f5 16. Rfd1 Rad8 17. Kf1 R8d6 18. Ke1 Rc2 19. Rac1 Rxc1 20. Rxc1 g5 21. Na4 Kf6 22. Nc5 Bc8 23. f3 h5 24. Rd1 g4 25. Nd3 gxf3 26. exf3 Rd4 27. f4 exf4 28. Nxf4 Rxd1+ 29. Kxd1 Kg5 30. Ke2 h4 31. Kf2 hxg3+ 32. Kxg3 Bd7 33. h4+ Kf6 34. Nd3 Be8 35. Kf4 Bh5 36. Ne5 Be8 37. c5 Ke6 38. b4 Kf6 39. a4 Ke6 40. a5 Kf6 41. h5 Bxh5 42. Nxc6 a6 43. Nd4 Bf7 44. Nxf5 Ke6 45. Ne3 Kd7 46. Ke5 Kc6 47. Kd4 Kb5 48. Kc3 Bg8 49. Nf5 Be6 50. Nd4+ 1-0


[Site "https://www.chess.com"]

[Event "Titled Tuesday Blitz December 20 Late 2022"]
[White "Grigoriants, Sergey"]
[Black "Gonzalez, Francisco Silva"]
[WhiteFideId "4130804"]
[BlackFideId "1512285"]
[WhiteElo "2502"]
[BlackElo "2220"]
[Result "1-0"]
[Round "02"]
[TimeControl "180+1"]
[Date "2022.12.21"]
[WhiteClock "0:00:31"]
[BlackClock "0:01:06"]

1. d4 Nf6 2. c4 e6 3. Nc3 Bb4 4. e3 O-O 5. Bd3 d5 6. Ne2 dxc4 7. Bxc4 e5 8. O-O Nc6 9. d5 Ne7 10. e4 Ng6 11. Qc2 a6 12. h3 Bc5 13. Ng3 Bd7 14. Be3 Qe7 15. Rae1 Nh4 16. Bg5 Ng6 17. Nh5 Qd6 18. Nxf6+ gxf6 19. Bh6 Kh8 20. Bxf8 Rxf8 21. Kh2 Rg8 22. g3 b5 23. Be2 Bd4 24. Bg4 Ne7 25. Bxd7 Qxd7 26. Ne2 Bb6 27. Qc3 Qd6 28. g4 Bc5 29. Rc1 Bb6 30. Ng3 Ng6 31. Nf5 Qd8 32. Qc6 Nf4 33. d6 cxd6 34. Nxd6 Kg7 35. Rfd1 Qb8 36. Nf5+ Kg6 37. Ne7+ Kg7 38. Nxg8 Bxf2 39. Qxf6+ Kxg8 40. Rd8+ Qxd8 41. Qxd8+ Kg7 42. Qg5+ Ng6 43. Rf1 Bh4 44. Qf5 f6 45. Rd1 Bg5 46. Rd6 Bf4+ 47. Kh1 Bg5 48. Rxa6 b4 49. Rb6 Kh6 50. Rxf6 b3 51. Rxg6+ hxg6 52. Qf8+ Kh7 53. axb3 Bc1 54. b4 Bxb2 55. b5 Ba3 56. Qxa3 Kh6 57. b6 1-0


[Site "https://www.chess.com"]

[Event "Titled Tuesday Blitz December 20 Late 2022"]
[White "Gubajdullin, Alexei"]
[Black "Mesa Cruz, Juan Carlos"]
[WhiteFideId "4141202"]
[BlackFideId "6423400"]
[WhiteElo "2251"]
[BlackElo "2059"]
[Result "1-0"]
[Round "02"]
[TimeControl "180+1"]
[Date "2022.12.21"]
[WhiteClock "0:00:20"]
[BlackClock "0:00:04"]

1. d4 Nf6 2. Nf3 e6 3. Bf4 c5 4. e3 Nc6 5. Nbd2 d5 6. c3 Bd6 7. Bxd6 Qxd6 8. Bb5 Bd7 9. Qa4 O-O 10. Qa3 b6 11. O-O a6 12. Bd3 e5 13. dxc5 bxc5 14. e4 d4 15. Nc4 Qe7 16. Nb6 Ra7 17. Nd5 Qd6 18. cxd4 Nxd4 19. Nxd4 Nxd5 20. Nf5 Bxf5 21. exf5 Nf4 22. Bc4 Qf6 23. Qxc5 Raa8 24. b3 Qxf5 25. Rfe1 Qg4 26. Bf1 Rac8 27. Qb6 Rc2 28. g3 h5 29. Rxe5 h4 30. Rae1 hxg3 31. hxg3 Nh3+ 32. Bxh3 Qxh3 33. Qxa6 Qg4 34. a4 Qf3 35. Qf1 Qxb3 36. a5 Qa3 37. a6 Qa2 38. Re8 g6 39. Rxf8+ Kxf8 40. Rd1 Rc6 41. Rd8+ Ke7 42. Qd1 Rxa6 43. Qd7+ Kf6 44. Qd4+ Ke7 45. Rd7+ Kf8 46. Qh8# 1-0


[Site "https://www.chess.com"]

[Event "Titled Tuesday Blitz December 20 Late 2022"]
[White "Hambleton, Aman"]
[Black "Skotheim, Andreas"]
[WhiteFideId "2606577"]
[BlackFideId "1518526"]
[WhiteElo "2538"]
[BlackElo "2128"]
[Result "0-1"]
[Round "02"]
[TimeControl "180+1"]
[Date "2022.12.21"]
[WhiteClock "0:00:02"]
[BlackClock "0:00:17"]

1. d4 Nf6 2. Bf4 d5 3. e3 c5 4. c3 Nc6 5. Nd2 e6 6. Ngf3 cxd4 7. exd4 Nh5 8. Be3 Bd6 9. g3 f5 10. Ne5 Nf6 11. Ndf3 O-O 12. Bd3 Qc7 13. Bf4 Bd7 14. Qe2 Ne4 15. Nxc6 bxc6 16. Bxd6 Qxd6 17. Ne5 a5 18. f3 Ng5 19. O-O Rab8 20. Rfe1 Rfe8 21. Kg2 Rb7 22. Nxd7 Qxd7 23. Bxf5 Qf7 24. Bd3 Rxb2 25. f4 Rxe2+ 26. Rxe2 Ne4 27. Bxe4 dxe4 28. Rxe4 Qd7 29. Rae1 Qd5 30. Re2 Qc4 31. R4e3 a4 32. h4 Kf7 33. h5 g6 34. h6 a3 35. Kh3 Rb8 36. g4 Rb2 37. Re1 Qd5 38. Kh4 Qd8+ 39. Kh3 Qd5 40. Rg1 Rxa2 41. f5 exf5 42. gxf5 Qxf5+ 43. Kh4 Qh5+ 44. Kg3 Qh2+ 45. Kf3 Qxg1 46. Ke4 Qg4+ 47. Ke5 Qf5+ 48. Kd6 Qd5+ 49. Kc7 Rb2 50. c4 Qxd4 51. Rf3+ Ke6 52. Rf8 Qb6+ 53. Kc8 Qb7+ 54. Kd8 Qd7# 0-1


[Site "https://www.chess.com"]

[Event "Titled Tuesday Blitz December 20 Late 2022"]
[White "Han, Yichen"]
[Black "Coelho, Ramyres Santana"]
[WhiteFideId "1054430"]
[BlackFideId "2120690"]
[WhiteElo "2323"]
[BlackElo "1888"]
[Result "1-0"]
[Round "02"]
[TimeControl "180+1"]
[Date "2022.12.21"]
[WhiteClock "0:00:53"]
[BlackClock "0:00:02"]

1. d4 Nf6 2. Bf4 Nh5 3. Bd2 Nf6 4. c4 g6 5. Nc3 Bg7 6. e4 d6 7. h3 O-O 8. Be3 e5 9. d5 c6 10. g4 cxd5 11. cxd5 b6 12. f3 Ba6 13. h4 Bxf1 14. Kxf1 Nbd7 15. Qd2 Rc8 16. Bh6 Ne8 17. h5 Qe7 18. Bxg7 Kxg7 19. Nge2 g5 20. Ng3 Kh8 21. h6 Qf6 22. Kg2 Qf4 23. Qxf4 exf4 24. Nf5 Ne5 25. Rhd1 Nc4 26. Nb5 Nxb2 27. Rdc1 Nf6 28. Nfxd6 Rxc1 29. Rxc1 Nd3 30. Rc7 a6 31. Nd4 Kg8 32. N4f5 Ne8 33. Ne7+ Kh8 34. Rc8 Ne1+ 35. Kf1 Nxf3 36. Nxf7+ Rxf7 37. Rxe8+ Rf8 38. Rxf8# 1-0


[Site "https://www.chess.com"]

[Event "Titled Tuesday Blitz December 20 Late 2022"]
[White "Hansen, Torbjorn Ringdal"]
[Black "Jumabayev, Rinat"]
[WhiteFideId "1501720"]
[BlackFideId "13702661"]
[WhiteElo "2383"]
[BlackElo "2584"]
[Result "1-0"]
[Round "02"]
[TimeControl "180+1"]
[Date "2022.12.21"]
[WhiteClock "0:01:02"]
[BlackClock "0:00:05"]

1. e4 e6 2. d4 d5 3. e5 c5 4. c3 Nc6 5. Nf3 Qb6 6. Bd3 cxd4 7. cxd4 Bd7 8. O-O Nxd4 9. Nbd2 Nc6 10. Nb3 Nh6 11. Be3 Qc7 12. Rc1 a6 13. Nc5 Rc8 14. Re1 Be7 15. b4 O-O 16. Bb1 Nf5 17. Bxf5 exf5 18. Qxd5 Bxc5 19. Bxc5 Be6 20. Qd6 Rfe8 21. a4 b5 22. Qxc7 Rxc7 23. axb5 axb5 24. Bd6 Rcc8 25. Ra1 h6 26. h4 Bd5 27. Rec1 Bxf3 28. gxf3 Nd4 29. Rxc8 Rxc8 30. Kg2 Rc3 31. Ra8+ Kh7 32. Ra7 Kg6 33. h5+ Kxh5 34. Rxf7 g5 35. Rf6 Ne2 36. Bf8 Nf4+ 37. Kh2 Rxf3 38. Rxh6+ Kg4 39. Bc5 1-0


[Site "https://www.chess.com"]

[Event "Titled Tuesday Blitz December 20 Late 2022"]
[White "Hirneise, Jens"]
[Black "Delorme, Alban"]
[WhiteFideId "24614734"]
[BlackFideId "623636"]
[WhiteElo "2345"]
[BlackElo "2196"]
[Result "1-0"]
[Round "02"]
[TimeControl "180+1"]
[Date "2022.12.21"]
[WhiteClock "0:00:44"]
[BlackClock "0:00:01"]

1. Nf3 Nf6 2. g3 g6 3. Bg2 Bg7 4. c4 O-O 5. Nc3 c5 6. O-O Nc6 7. d4 d6 8. dxc5 dxc5 9. Qa4 Qa5 10. Be3 Be6 11. Rac1 Qxa4 12. Nxa4 b6 13. Ng5 Rac8 14. Nxe6 fxe6 15. Bh3 Kf7 16. Rfd1 Rfd8 17. Nc3 Nd4 18. Kf1 Rc7 19. Bxd4 cxd4 20. Nb5 Rcd7 21. c5 bxc5 22. Rxc5 Rd5 23. Rxd5 Nxd5 24. Nxa7 Ra8 25. Nc6 Rxa2 26. Nd8+ Kf6 27. Bxe6 Ra8 28. Bxd5 Rxd8 29. Be4 Rb8 30. Rb1 Ke6 31. b4 Be5 32. b5 Kd6 33. b6 h5 34. Bxg6 h4 35. gxh4 Kc5 36. b7 Bc7 37. Be4 Bxh2 38. h5 Bf4 39. Kg2 e5 40. Kf3 Kd6 41. Kg4 Rg8+ 42. Kf5 Ke7 43. Bf3 Rb8 44. Rb6 Rf8+ 45. Ke4 Rb8 46. Bg4 Kd8 47. Bc8 Kc7 48. Rg6 Kd8 49. h6 Ke7 50. h7 Kf7 51. Rg2 Rxc8 52. bxc8=Q 1-0


[Site "https://www.chess.com"]

[Event "Titled Tuesday Blitz December 20 Late 2022"]
[White "Hoffmann, Asa"]
[Black "Melian, Juan Sebastian"]
[WhiteFideId "2001470"]
[BlackFideId "3706575"]
[WhiteElo "2117"]
[BlackElo "2044"]
[Result "0-1"]
[Round "02"]
[TimeControl "180+1"]
[Date "2022.12.21"]
[WhiteClock "0:00:13"]
[BlackClock "0:00:50"]

1. d4 d5 2. Bg5 c5 3. dxc5 Nc6 4. e4 dxe4 5. Qxd8+ Kxd8 6. Nc3 f5 7. O-O-O+ Ke8 8. Nb5 Kf7 9. Bc4+ Kg6 10. Be3 Nf6 11. Ne2 e5 12. g3 Bd7 13. Nd6 Bxd6 14. Rxd6 Rhd8 15. Rhd1 Be8 16. h3 Bf7 17. Bb5 Rxd6 18. cxd6 Nd7 19. a3 a6 20. Bxc6 bxc6 21. Nc3 Kf6 22. Na4 Bd5 23. b3 g5 24. c4 Be6 25. Nb6 Rb8 26. c5 f4 27. Nxd7+ Bxd7 28. Bd2 Rxb3 29. Bb4 a5 30. Bxa5 Rxa3 31. Bb6 Bxh3 32. Kb2 Rd3 33. Re1 e3 34. fxe3 f3 35. Kc2 e4 0-1


[Site "https://www.chess.com"]

[Event "Titled Tuesday Blitz December 20 Late 2022"]
[White "Ibarra Jerez, Jose Carlos"]
[Black "Baches Garcia, Guillermo"]
[WhiteFideId "2226332"]
[BlackFideId "2209764"]
[WhiteElo "2638"]
[BlackElo "2477"]
[Result "1-0"]
[Round "02"]
[TimeControl "180+1"]
[Date "2022.12.21"]
[WhiteClock "0:02:41"]
[BlackClock "0:01:17"]

1. e4 c5 2. Nc3 d6 3. d4 cxd4 4. Qxd4 Nc6 5. Qd2 g6 6. b3 Bh6 7. f4 e5 8. Nb5 Bxf4 9. Qxd6 Qxd6 10. Nxd6+ Kf8 11. Ba3 Kg7 12. Ne8+ Kh6 13. Bf8+ Kh5 14. Bg7 Be6 15. Nc7 Rd8 16. Nxe6 fxe6 17. Be2+ 1-0


[Site "https://www.chess.com"]

[Event "Titled Tuesday Blitz December 20 Late 2022"]
[White "Iliaguev, Nisim"]
[Black "Thiel, Thomas"]
[WhiteFideId "2817276"]
[BlackFideId "4615964"]
[WhiteElo "2241"]
[BlackElo "2238"]
[Result "1-0"]
[Round "02"]
[TimeControl "180+1"]
[Date "2022.12.21"]
[WhiteClock "0:02:07"]
[BlackClock "0:02:02"]

1. d4 Nf6 2. Nf3 g6 3. g3 Bg7 4. Bg2 d5 5. O-O O-O 6. c4 dxc4 7. Qc2 Nc6 8. Qxc4 Bf5 9. Nc3 Ne4 10. Nh4 Nd6 11. Qa4 Nxd4 12. e3 Nc2 13. Nxf5 Nxa1 14. Nxg7 Kxg7 15. Bd2 b5 16. Qd1 b4 17. Na4 Rb8 18. Qxa1 Nf5 19. b3+ Kg8 20. Rd1 Qc8 21. e4 Nd6 22. Bh6 1-0


[Site "https://www.chess.com"]

[Event "Titled Tuesday Blitz December 20 Late 2022"]
[White "Indjic, Aleksandar"]
[Black "Kirillov, Dmitry"]
[WhiteFideId "911925"]
[BlackFideId "34180572"]
[WhiteElo "2616"]
[BlackElo "2111"]
[Result "1-0"]
[Round "02"]
[TimeControl "180+1"]
[Date "2022.12.21"]
[WhiteClock "0:00:45"]
[BlackClock "0:00:03"]

1. d4 d5 2. Nf3 e6 3. c4 c6 4. Qc2 dxc4 5. Qxc4 Nf6 6. Bg5 b5 7. Qc2 Bb7 8. e4 Nbd7 9. Nbd2 Be7 10. h3 a6 11. a4 Rc8 12. Bd3 c5 13. axb5 cxd4 14. Qb1 axb5 15. Bxb5 O-O 16. O-O e5 17. Ra7 Rc7 18. Ra1 Bd6 19. Re1 Rc5 20. Qd3 Qb6 21. Bc4 Rfc8 22. b3 Ra5 23. Qe2 Nc5 24. Bxf6 gxf6 25. Nh4 Rxa1 26. Rxa1 Qc7 27. Nf5 Kh8 28. Qf3 Rg8 29. Ng3 Qe7 30. Bd5 Bxd5 31. exd5 1-0


[Site "https://www.chess.com"]